 Dungeon Crawl Stone Soup version 0.30-a0-924-g0ad0bf95bc (webtiles) character file.

Game seed: 9874980990923518881

100650 cforsyth the Tortoise (level 16, -1/138 HPs)
             Began as a Human Fighter on Mar 23, 2023.
             Was the Champion of Okawaru.
             Killed from afar by an ironbound frostheart (10 damage)
             ... by creeping frost
             ... summoned by an orange crystal statue
             ... in an ice cave.
             The game lasted 00:44:53 (29927 turns).

cforsyth the Tortoise (Human Fighter)              Turns: 29927, Time: 00:44:53

Health: -1/138     AC: 29    Str: 26      XL:     16   Next: 80%
Magic:  25/25      EV: 10    Int:  8 (10) God:    Okawaru [******]
Gold:   2446       SH:  0    Dex: 17      Spells: 15/15 levels left

rFire   + + +      SeeInvis .    O - +6 whip of the End {flame, rN+ Dex+4}
rCold   + + .      Faith    .    Q - +2 buckler
rNeg    + . .      Spirit   .    a - +1 plate armour {rF+}
rPois   +          Reflect  +    B - +1 helmet
rElec   +          Rampage  .    J - +0 cloak
rCorr   +                        m - +2 pair of gloves {Str+3}
Will    +....                    Z - +0 pair of boots of the Doldrums {rF+ Regen+ rCorr} Stlth
                                 G - amulet of reflection
HPRegen 1.23/turn                N - ring of protection from cold
MPRegen 0.19/turn                y - ring of the Octopus King {HP+2 MP+9 AC+2 EV+2 SH+2}

@: confused, resistant, frozen, very slow
A: no striking features
a: Renounce Religion, Heroism, Finesse, Duel


You were in an ice cave.
You worshipped Okawaru.
Okawaru was exalted by your worship.
You visited 4 branches of the dungeon, and saw 23 of its levels.
You also visited: Sewer and Ice Cave.

You collected 2475 gold pieces.
You spent 29 gold pieces at shops.

Inventory:

Hand Weapons
 O - the +6 whip of the End (weapon) {flame, rN+ Dex+4}
   (You found it on level 5 of the Dungeon)

   Dex:       It affects your dexterity (+4).
   rN:        It protects you from negative energy.
 P - a +1 vampiric demon whip
Armour
 a - a +1 plate armour of fire resistance (worn)
 m - a +2 pair of gloves of strength (worn)
 B - a +1 helmet (worn)
 J - a +0 cloak (worn)
 M - a +1 pair of boots
 Q - a +2 buckler (worn)
 Z - the +0 pair of boots of the Doldrums (worn) {rF+ Regen+ rCorr}
   (Okawaru gifted it to you on level 15 of the Dungeon)

   rF:        It protects you from fire.
   Regen:     It increases your rate of health regeneration.
   rCorr:     It protects you from acid and corrosion.
Jewellery
 b - a ring of willpower
 c - a ring of protection from fire
 q - a +4 ring of protection
 w - a ring of poison resistance
 y - a ring of the Octopus King (right hand) {HP+2 MP+9 AC+2 EV+2 SH+2}
   (You found it on level 4 of the Dungeon)

   [ring of magical power]

   AC:        It affects your AC (+2).
   EV:        It affects your evasion (+2).
   HP:        It affects your health (+2).
   MP:        It affects your magic capacity (+9).
   SH:        It affects your SH (+2).
 G - an amulet of reflection (around neck)
 L - an amulet of regeneration
 N - a ring of protection from cold (left hand)
 U - a ring of protection from cold
 W - a +6 ring of strength
 X - a ring of flight
Wands
 j - a wand of light (6)
 n - a wand of polymorph (8)
 H - a wand of mindburst (42)
 S - a wand of iceblast (10)
 Y - a wand of paralysis (23)
Scrolls
 e - 4 scrolls of teleportation
 f - 4 scrolls of immolation
 g - 5 scrolls of enchant armour
 i - a scroll of magic mapping
 k - 3 scrolls of torment
 l - a scroll of vulnerability
 r - a scroll of blinking
 s - 4 scrolls of poison
 t - a scroll of acquirement
 v - 5 scrolls of fear
 K - a scroll of fog
 R - a scroll of silence
 V - 2 scrolls of enchant weapon
Potions
 d - 7 potions of might
 h - 3 potions of attraction
 o - 3 potions of flight
 p - 3 potions of brilliance
 u - a potion of heal wounds
 x - a potion of cancellation
 z - 3 potions of invisibility
 A - 2 potions of berserk rage
 C - 12 potions of curing
 D - 14 potions of ambrosia
 F - 2 potions of lignification
 I - 3 potions of mutation
 T - 2 potions of haste


   Skills:
 + Level 15.3 Fighting
 - Level 13.3 Maces & Flails
 + Level 15.3 Armour
 + Level 15.2 Shields


You had 15 spell levels left.
You didn't know any spells.
Your spell library contained the following spells:

 Spells                   Type           Power      Damage    Failure   Level
 Slow                     Hex            0%         N/A       97%         1
 Confusing Touch          Hex            0%         N/A       100%        3
 Dazzling Flash           Conj/Hex       0%         N/A       100%        3
 Frozen Ramparts          Ice            0%         1d1       100%        3
 Ignite Poison            Fire/Tmut/Pois 0%         N/A       100%        3
 Inner Flame              Hex/Fire       0%         N/A       100%        3
 Kindle Blastsparks       Fire/Tloc/Air  0%         2d10      100%        3
 Portal Projectile        Hex/Tloc       0%         N/A       100%        3
 Vampiric Draining        Necr           0%         2d6       100%        3
 Cause Fear               Hex            0%         N/A       100%        4
 Ice Form                 Ice/Tmut       0%         N/A       100%        4
 Iskenderun's Mystic Bla  Conj/Tloc      0%         2d3       100%        4
 Passage of Golubria      Tloc           0%         N/A       100%        4
 Blade Hands              Tmut           0%         N/A       100%        5
 Freezing Cloud           Conj/Ice/Air   0%         6-21      100%        5
 Yara's Violent Unravell  Hex/Tmut       0%         3d3       100%        5
 Starburst                Conj/Fire      0%         6d3       100%        6
 Orb of Destruction       Conj           0%         9d5       100%        7
 Discord                  Hex            0%         N/A       100%        8
 Summon Guardian Golem    Hex/Summ       Unusable   N/A       N/A         3
 Tukima's Dance           Hex            Unusable   N/A       N/A         3
 Summon Ice Beast         Ice/Summ       Unusable   N/A       N/A         4
 Spellforged Servitor     Conj/Summ      Unusable   N/A       N/A         7

Dungeon Overview and Level Annotations

Branches:
Dungeon (15/15)            Temple (1/1) D:4            Lair (5/5) D:9
  Swamp (0/4) Lair:3        Snake (0/4) Lair:2        Slime (0/5) Lair:4
    Orc (2/2) D:11            Elf (0/3) Orc:2        Vaults (0/5) D:13
 Depths (0/4) D:15          Sewer (visited)           IceCv (1/1)

Altars:
Ashenzari
Cheibriados
Dithmenos
Elyvilon
Fedhas
Gozag
Hepliaklqana
Kikubaaqudgha
Makhleb
Nemelex Xobeh
Okawaru
Qazlal
Ru
Sif Muna
Trog
Uskayaw
Vehumet
Wu Jian
Xom
Yredelemnul
Zin
The Shining One
Jiyva

Shops:
D:2 *   D:6 !   Orc:1 :   Orc:2 [*?(

Annotations:
IceCv exclusion: orange crystal statue


Message History

* * * LOW HITPOINT WARNING * * *
The ironbound frostheart calls freezing cold from the walls.
The frost grips you but does no damage. The polar bear closely misses you.
The polar bear barely misses you. x2
You feel better.
The orange crystal statue glitters topaz in the dim dungeon light.
The ironbound frostheart calls freezing cold from the walls.
The frost grips you! You resist.
* * * LOW HITPOINT WARNING * * *
The ironbound frostheart touches you.
* * * LOW HITPOINT WARNING * * *
The ironbound frostheart freezes you! You resist.
* * * LOW HITPOINT WARNING * * *
The polar bear bites you but does no damage.
You block the polar bear's attack. x2
The polar bear attacks as you move away!
You block the polar bear's attack. x3
The ironbound frostheart touches you but does no damage.
The ironbound frostheart closely misses you.
The polar bear attacks as you move away!
The polar bear bites you!
* * * LOW HITPOINT WARNING * * *
You block the polar bear's attack. The polar bear barely misses you.
The ice encasing you melts away.
The orange crystal statue glitters.
You are confused.
The ironbound frostheart calls freezing cold from the walls.
The frost grips you but does no damage.
You are encased in ice.
The ironbound frostheart touches you.
* * * LOW HITPOINT WARNING * * *
The ironbound frostheart freezes you. You resist.
* * * LOW HITPOINT WARNING * * *
Unknown command.
The ironbound frostheart calls freezing cold from the walls.
The frost grips you! You resist.
* * * LOW HITPOINT WARNING * * *
The ironbound frostheart calls freezing cold from the walls.
The frost grips you! You resist.
You die...

## # ##.# .#
####h.#..#
##.pp8..#
##.@h..#
#..##k##
#.######
#..###.##
#[.#....# .
##....†.##
#.
#...###..##
##.#
##.#####..##
#§.##
###.###...#


You could see an orange crystal statue, 2 ironbound frosthearts, 2 polar bears
and a rime drake.

Vanquished Creatures
  Gastronok (D:9)
  An ironbound preserver (D:13)
  A very ugly thing (D:14)
  3 dire elephants
  Snorg (Orc:1)
  9 hydras
  2 catoblepae (Lair:5)
  Erica (Orc:1)
  5 centaur warriors (D:13)
  11 two-headed ogres
  2 ogre magi (Orc:2)
  A death knight (D:15)
  A boulder beetle (Lair:1)
  8 death yaks
  A deep troll shaman (Lair:5)
  Urug (D:13)
  Sonja (Lair:5)
  A skyshark (Lair:2)
  A fire crab (Lair:4)
  2 deep trolls (Orc:2)
  A skeletal warrior (D:14)
  An orc knight (D:15)
  4 orc sorcerers
  An oklob plant (Lair:3)
  A deep elf pyromancer (D:14)
  26 ugly things
  25 elephants
  4 cyclopes
  3 manticores
  Joseph (D:9)
  4 black mambas
  Maurice (D:13)
  2 gargoyles
  15 cane toads
  An efreet (D:13)
  An unseen horror (D:10)
  7 rime drakes
  A kobold demonologist (D:10)
  13 komodo dragons
  2 freezing wraiths (D:14)
  A queen bee (Lair:1)
  A tyrant leech (Lair:3)
  10 polar bears
  10 trolls
  15 blink frogs
  7 dream sheep (Lair:3)
  13 slime creatures
  A spriggan (shapeshifter) (D:13)
  2 wraiths
  3 shadows
  35 yaks
  4 wyverns
  Eustachio (D:4)
  3 basilisks
  5 vampire mosquitoes
  An acid dragon (D:11)
  A warg (Orc:2)
  2 nagas (Lair:2)
  A swamp worm (Lair:3)
  15 water moccasins
  8 orc warriors
  Pargi (Sewer)
  An ice beast (D:7)
  2 sky beasts (D:7)
  5 black bears
  10 wolves
  20 ogres
  A phantom (D:6)
  9 centaurs
  3 kobold brigands
  10 bullfrogs
  3 scorpions
  4 wights (D:7)
  40 killer bees
  5 howler monkeys
  3 electric eels (D:9)
  9 orc priests
  10 hounds
  2 jellies
  2 gnoll boudas
  A sleepcap (D:5)
  2 iguanas
  17 orc wizards
  14 hell rats
  Natasha (thrice) (D:3)
  6 gnolls
  9 adders
  2 shadow imps
  A white imp (D:7)
  5 dart slugs
  45 orcs
  9 ball pythons
  8 endoplasms
  6 giant cockroaches
  2 goblins (D:4)
  8 hobgoblins
  10 jackals
  4 quokkas
  7 bats
  7 frilled lizards
  18 kobolds
  5 rats
636 creatures vanquished.

Vanquished Creatures (others)
  An unseen horror (shapeshifter) (D:13)
  An orc wizard (D:12)
  2 bushes (Lair:5)
  33 fungi
  60 plants
97 creatures vanquished.

Grand Total: 733 creatures vanquished

Notes
Turn   | Place    | Note
-------+----------+-------------------------------------------
     0 | D:1      | cforsyth the Human Fighter began the quest for the Orb.
     0 | D:1      | Reached XP level 1. HP: 18/18 MP: 1/1
   277 | D:1      | Reached XP level 2. HP: 15/24 MP: 2/2
   804 | D:2      | Reached XP level 3. HP: 16/29 MP: 3/3
   872 | D:2      | You fall into a shaft and drop 1 floor!
   997 | D:2      | Noticed Natasha
   997 | D:2      | Found Yriw's General Store.
  1010 | D:3      | Killed Natasha
  1011 | D:3      | Reached XP level 4. HP: 6/35 MP: 4/4
  1115 | D:3      | Noticed Natasha
  1128 | D:3      | Killed Natasha
  1162 | D:3      | Noticed Natasha
  1173 | D:3      | Killed Natasha
  1174 | D:3      | Reached XP level 5. HP: 17/42 MP: 5/5
  1569 | D:2      | Found a shimmering altar of Xom.
  2255 | D:3      | Identified the +1 plate armour "Hukiviez" {*Corrode Fly
                  | Int+2 Stlth+}
  2556 | D:3      | Reached XP level 6. HP: 48/48 MP: 6/6
  2672 | D:4      | Found the ring of the Octopus King
  2703 | D:4      | Identified a ring of the Octopus King {HP+2 MP+9 AC+2 EV+2
                  | SH+2}
  2820 | D:4      | Found a shimmering altar of Xom.
  2830 | D:4      | Noticed a black bear
  2839 | D:4      | Killed a black bear
  2960 | D:4      | Reached XP level 7. HP: 53/55 MP: 7/7
  3000 | D:4      | Noticed Eustachio
  3103 | D:4      | Killed Eustachio
  3542 | D:4      | Found a staircase to the Ecumenical Temple.
  3661 | Temple   | Entered the Ecumenical Temple
  4049 | D:5      | Entered Level 5 of the Dungeon
  4054 | D:5      | Reached skill level 5 in Fighting
  4057 | D:5      | Reached skill level 5 in Armour
  4057 | D:5      | Reached skill level 5 in Shields
  4076 | D:5      | Reached XP level 8. HP: 51/62 MP: 8/8
  4541 | D:5      | Identified the +6 whip of the End {flame, rN+ Dex+4}
  4827 | D:5      | Reached skill level 5 in Maces & Flails
  5042 | D:6      | Found a glowing drain.
  5059 | Sewer    | Entered a sewer
  5090 | Sewer    | Noticed Pargi
  5104 | Sewer    | Killed Pargi
  5675 | D:6      | Reached XP level 9. HP: 69/69 MP: 9/9
  5887 | D:6      | Found Xootinui's Distillery.
  6997 | D:7      | Found a glowing silver altar of Zin.
  6998 | D:7      | Found a broken altar of Ashenzari.
  6998 | D:7      | Found a radiant altar of Vehumet.
  6998 | D:7      | Found an iron altar of Okawaru.
  6999 | D:7      | Found a blossoming altar of Fedhas.
  7002 | D:7      | Became a worshipper of Warmaster Okawaru
  7004 | D:7      | Found a shimmering blue altar of Sif Muna.
  7006 | D:7      | Found a hazy altar of Hepliaklqana.
  7235 | D:7      | Reached XP level 10. HP: 73/79 MP: 10/10
  8151 | D:8      | Identified the +4 whip of Johet {heavy, rElec}
  8234 | D:8      | Reached * piety under Okawaru
  8363 | D:8      | Found a hide-covered altar of Uskayaw.
  8363 | D:8      | Found a bloodstained altar of Trog.
  8364 | D:8      | Found a shadowy altar of Dithmenos.
  8864 | D:9      | Noticed Joseph
  8882 | D:9      | Killed Joseph
  8882 | D:9      | Reached ** piety under Okawaru
  9353 | D:9      | Noticed Gastronok
  9375 | D:9      | Killed Gastronok
  9375 | D:9      | Reached *** piety under Okawaru
  9376 | D:9      | Reached XP level 11. HP: 12/87 MP: 11/11
  9625 | D:9      | Found a staircase to the Lair.
 10362 | D:10     | Entered Level 10 of the Dungeon
 10523 | D:10     | Noticed a sun demon
 11210 | D:11     | Found a staircase to the Orcish Mines.
 11426 | D:11     | Reached **** piety under Okawaru
 11578 | D:11     | Identified the +0 dagger "Concordance" {elec, Stlth+}
 11623 | D:11     | Noticed a two-headed ogre
 11636 | D:11     | Killed a two-headed ogre
 11929 | D:12     | Noticed a green ugly thing
 11930 | D:12     | Identified the +5 ring mail of a bazaar {rF+}
 11945 | D:12     | Noticed a manticore
 11956 | D:12     | Killed a green ugly thing
 11965 | D:12     | Noticed a cyclops
 11969 | D:12     | Killed a manticore
 11969 | D:12     | Reached ***** piety under Okawaru
 12244 | D:12     | Reached XP level 12. HP: 97/97 MP: 12/12
 12399 | D:12     | Noticed a two-headed ogre
 12409 | D:12     | Killed a two-headed ogre
 12515 | D:12     | Reached skill level 10 in Fighting
 12515 | D:12     | Reached skill level 10 in Armour
 12534 | D:12     | Reached skill level 10 in Shields
 12796 | D:11     | Received a gift from Okawaru
 13260 | Lair:1   | Entered Level 1 of the Lair of Beasts
 13636 | Lair:1   | Reached skill level 10 in Maces & Flails
 14142 | Lair:1   | Reached XP level 13. HP: 70/105 MP: 13/13
 14420 | Lair:1   | Identified the +1 pair of gloves of Neczitas {Str+3}
                  | (Okawaru gifted it to you on level 1 of the Lair of Beasts)
 14420 | Lair:1   | Received a gift from Okawaru
 15365 | Lair:2   | Identified the +9 trident of Hepliaklqana's Delight {heavy,
                  | *Rage rF++ Will++}
 15485 | Lair:2   | Found a staircase to the Snake Pit.
 15739 | Lair:2   | Noticed a six-headed hydra
 15773 | Lair:2   | Killed a six-headed hydra
 16416 | Lair:2   | Found an iron altar of Okawaru.
 16427 | Lair:2   | Identified the staff of death "Ydeanymo" {rN+ Dex+2}
 17019 | Lair:3   | Reached ****** piety under Okawaru
 17712 | Lair:3   | Identified the +0 pair of gloves of Distant Worlds {rPois
                  | SInv} (Okawaru gifted it to you on level 3 of the Lair of
                  | Beasts)
 17712 | Lair:3   | Received a gift from Okawaru
 17713 | Lair:3   | Reached XP level 14. HP: 115/115 MP: 14/14
 18786 | Lair:3   | Found a staircase to the Swamp.
 18989 | Lair:4   | Found a viscous altar of Jiyva.
 18990 | Lair:4   | Found a staircase to the Slime Pits.
 20423 | Lair:5   | Entered Level 5 of the Lair of Beasts
 20902 | Lair:5   | Identified the +0 ring mail of the Baker {rElec Str-2 Int-5
                  | Dex+4}
 21345 | Lair:5   | Received a gift from Okawaru
 21449 | Lair:5   | Reached XP level 15. HP: 115/123 MP: 15/15
 21930 | Lair:5   | Noticed Sonja
 21940 | Lair:5   | Killed Sonja
 23026 | Lair:5   | Received a gift from Okawaru
 23936 | Orc:1    | Entered Level 1 of the Orcish Mines
 24008 | Orc:2    | Entered Level 2 of the Orcish Mines
 24014 | Orc:2    | Found a staircase to the Elven Halls.
 24377 | Orc:2    | Noticed Snorg
 24417 | Orc:1    | Killed Snorg
 24799 | Orc:2    | Found a burning altar of Makhleb.
 25479 | Orc:2    | Found Sol Naw's Magic Scroll Boutique.
 25480 | Orc:2    | Found Georiam's Armour Boutique.
 25525 | Orc:2    | Found Eddeabri's Weapon Shoppe.
 25550 | Orc:2    | Found Wahedapt's Assorted Antiques.
 25558 | Orc:2    | Bought a lumpy amethyst potion for 29 gold pieces
 25754 | Orc:1    | Identified the +3 ring mail of Valour {rN+ Dex+2 SInv}
                  | (Okawaru gifted it to you on level 1 of the Orcish Mines)
 25754 | Orc:1    | Received a gift from Okawaru
 26050 | Orc:1    | Found Nunko's Self-Improvement Boutique.
 26056 | Orc:1    | Noticed Erica
 26070 | Orc:1    | Killed Erica
 26464 | D:13     | Reached XP level 16. HP: 105/133 MP: 16/16
 26576 | D:13     | Noticed Maurice
 26587 | D:13     | Killed Maurice
 26855 | D:13     | Found a gate to the Vaults.
 27590 | D:13     | Noticed Urug
 27603 | D:13     | Killed Urug
 28502 | D:14     | Identified a scroll of acquirement
 28789 | D:15     | Entered Level 15 of the Dungeon
 28867 | D:15     | Found a frozen archway.
 28881 | D:15     | Reached skill level 15 in Armour
 28898 | D:15     | Reached skill level 15 in Fighting
 28908 | D:15     | Identified the +0 pair of boots of the Doldrums {rF+ Regen+
                  | rCorr} (Okawaru gifted it to you on level 15 of the
                  | Dungeon)
 28908 | D:15     | Received a gift from Okawaru
 28922 | D:15     | Reached skill level 15 in Shields
 29408 | IceCv    | Entered an ice cave
 29927 | IceCv    | Killed from afar by an ironbound frostheart

Illustrated notes

Levels and vault maps discovered:
D:1:      ebering_trefoil_3fold, layout_loops_ring, serial_bayou,
          serial_bayou_shore_a, serial_bayou_pond_a, serial_bayou_lagoon_a,
          serial_bayou_shore_b, hangedman_decor_lopped
D:2:      layout_loops_ring, serial_shops, shop, basic_altar, uniq_natasha
D:3:      layout_basic
D:4:      layout_basic, mainiacjoe_overflow_boulevard,
          minmay_temple_entry_poolview, dreamdust_princess_bridge,
          corexii_mini_fake_secret_closet, minmay_misc_feat_four_crosses,
          uniq_eustachio
D:5:      layout_rooms
D:6:      layout_loops_corners, gup_sewer_entry_pipe, serial_shops, shop,
          minmay_bent
D:7:      layout_basic, minitemple, grunt_potential
D:8:      layout_cave_pools, gammafunk_temple_overflow_claw,
          chequers_serial_rivers_large_b
D:9:      layout_rooms, erik_lair_island, uniq_joseph, uniq_gastronok
D:10:     layout_loops_ring, minmay_liquid_box
D:11:     layout_roguey, orc_0_dummy
D:12:     layout_basic
D:13:     layout_gridville, skrybe_vaults_entry_preservation, uniq_maurice,
          uniq_urug
D:14:     layout_roguey, nicolae_elevator_lobby_asterisk
D:15:     hangedman_depths_entry_civil_slaughter, layout_loops_ring,
          gammafunk_ghost_smash, elyvilon_altar_4,
          portal_ice_cave_entry_ugly_swarm
Temple:   bh_familiar_temple
Lair:1:   layout_roguey [special_room_bee], nzn_sisyphean_effort,
          grunt_megastairs_1
Lair:2:   layout_regular_city, guppyfry_snake_entry_garden, basic_altar,
          bh_autumn_forest_stairs
Lair:3:   layout_gridlike, palyth_hydra_swamp_entry, st_stairs_11,
          minmay_lair_oklob_items, beast_lair_carwin_3
Lair:4:   layout_gridlike, slime_entry_1
Lair:5:   grunt_lair_end_beastmaster, layout_regular_city,
          nicolae_lair_grazing_beasts [nicolae_sub_lair_graze_edge,
          nicolae_sub_lair_graze_edge, nicolae_sub_lair_graze_edge,
          nicolae_sub_lair_graze_edge], grunt_megastairs_2, uniq_sonja
Orc:1:    layout_diamond_mine, nicolae_shop_self_help, uniq_erica
Orc:2:    st_orc_open, layout_diamond_mine, bloody_makhleb, uniq_snorg
IceCv:    ice_cave_caverns_02

Skill      XL: |  1  2  3  4  5  6  7  8  9 10 11 12 13 14 15 16 |
---------------+-------------------------------------------------+-----
Maces & Flails | 3 4 5 6 8 9 10 11 12 13 | 13.3
Armour         | 4 5 6 7 8 9 10 12 13 14 15 | 15.3
Fighting       | 4 5 6 7 8 9 10 12 13 14 15 | 15.3
Shields        | 4 5 7 8 9 10 12 13 14 15 | 15.2

Action                     |  1- 3 |  4- 6 |  7- 9 | 10-12 | 13-15 | 16-18 || total
---------------------------+-------+-------+-------+-------+-------+-------++-------
  Melee: Flail             |    93 |   154 |   488 |    75 |       |       ||   810
         Whip              |       |       |       |   834 |  1844 |   718 ||  3396
    Use: Scroll            |       |       |     6 |    15 |     9 |     4 ||    34
         Potion            |       |       |       |     2 |     2 |     4 ||     8
   Stab: Invisible         |       |       |       |     3 |       |       ||     3
         Petrified         |       |       |       |       |    13 |       ||    13
 Armour: Scale mail        |    53 |    96 |   264 |    35 |       |       ||   448
         Plate armour      |       |       |       |   297 |   658 |   188 ||  1143
         Chain mail        |       |       |       |     5 |       |       ||     5
  Dodge: Dodged            |    49 |    93 |   303 |   180 |   354 |   106 ||  1085
  Block: Buckler           |    26 |    65 |   218 |   435 |  1001 |   309 ||  2054
         Reflection        |       |       |       |    16 |    18 |     9 ||    43

Table legend: (Time is in decaauts)
 A = Elapsed time spent in this place.
 B = Non-inter-level travel time spent in this place.
 C = Inter-level travel time spent in this place.
 D = Time resting spent in this place.
 E = Time spent auto-exploring this place.
 F = Levels seen in this place.
 G = Mean time per level.
                   A        B        C        D        E       F      G
               +--------+--------+--------+--------+--------+-----+--------+
         Total |  28843 |  27369 |   1474 |   5231 |  16227 |  25 | 1153.7 |
       Dungeon |  15918 |  14891 |   1027 |   2440 |   9121 |  15 | 1061.2 |
        Temple |    170 |    157 |     13 |      0 |    150 |   1 |  170.0 |
          Lair |   9844 |   9497 |    347 |   1665 |   5910 |   5 | 1968.8 |
  Orcish Mines |   2167 |   2082 |     85 |    792 |    816 |   2 | 1083.5 |
         Sewer |    258 |    258 |      0 |      0 |    178 |   1 |  258.0 |
      Ice Cave |    483 |    483 |      0 |    333 |     51 |   1 |  483.0 |
               +--------+--------+--------+--------+--------+-----+--------+

Top non-repeatable levels by time:
  Lair:5: 2906 daAuts
  Lair:3: 2031 daAuts
  Lair:1: 1803 daAuts
     D:7: 1667 daAuts
  Lair:4: 1645 daAuts
     D:9: 1582 daAuts
  Lair:2: 1457 daAuts
    D:11: 1328 daAuts
     D:6: 1319 daAuts
    D:13: 1295 daAuts
   Orc:2: 1248 daAuts
     D:4: 1242 daAuts
    D:14: 1242 daAuts
     D:2: 1066 daAuts
     D:5: 963 daAuts
